 Dungeon Crawl Stone Soup version 0.20-a0-754-g13ddd6e (webtiles) character file.

7073 Nigilith the Grappler (level 11, -1/101 (103) HPs)
             Began as an Ogre Monk on Feb 26, 2017.
             Was a Priest of Qazlal.
             Slain by a two-headed ogre
             ... wielding a +0 giant spiked club
              (5 damage)
             ... on level 9 of the Dungeon.
             The game lasted 00:33:54 (9686 turns).

Nigilith the Grappler (Ogre Monk)                   Turns: 9686, Time: 00:33:55

HP:   -1/101 (103)  AC:  6    Str: 20    XL:     11   Next: 9%
MP:   0/20          EV: 10    Int: 13    God:    Qazlal [***...]
Gold: 545           SH:  4    Dex: 11    Spells: 10/10 levels left

rFire    x . .     SeeInvis +     - Unarmed
rCold    . . .     Gourm    .   a - +0 robe
rNeg     + . .     Faith    .   (no shield)
rPois    +         Spirit   +   (helmet restricted)
rElec    .         Reflect  .   G - +1 cloak {rPois}
rCorr    .         Harm     .   (gloves unavailable)
MR       +....                  (boots unavailable)
Stlth    ++........             E - amulet of guardian spirit
Regen    0.3/turn               y - ring of see invisible
MPRegen  0.2/turn               F - ring "Pofoawn" {rF- rN+ MP+9 Stlth+}

@: no status effects
A: unfitting armour, rugged brown scales 1, clever 1, tough skin 1
a: Upheaval, Elemental Force, Renounce Religion


You were on level 9 of the Dungeon.
You worshipped Qazlal.
Qazlal was most pleased with you.
You were not hungry.

You visited 2 branches of the dungeon, and saw 10 of its levels.

You collected 545 gold pieces.

Inventory:

Armour
 a - a +0 robe (worn)
 d - a +0 cloak
 G - a +1 cloak of poison resistance (worn)
Jewellery
 q - an uncursed amulet of regeneration
 w - an uncursed ring of magical power
 x - an uncursed ring of magical power
 y - a ring of see invisible (right hand)
 z - an uncursed ring of wizardry
 E - an amulet of guardian spirit (around neck)
 F - the ring "Pofoawn" (left hand) {rF- rN+ MP+9 Stlth+}
   (You found it on level 7 of the Dungeon)

   [ring of magical power]

   It makes you vulnerable to fire.
   It protects you from negative energy.
   It affects your magic capacity (+9).
   It makes you more stealthy.
Wands
 p - a wand of lightning (0/15)
 D - a wand of polymorph (12/24)
 K - a wand of lightning (12/15)
Scrolls
 e - 3 scrolls of enchant armour {unknown}
 g - 2 scrolls of immolation {unknown}
 h - 5 scrolls of teleportation {unknown}
 i - 10 scrolls of identify {unknown}
 j - 3 scrolls of recharging {unknown}
 l - 7 scrolls of remove curse {unknown}
 m - 2 scrolls of amnesia {unknown}
 n - a scroll of magic mapping {unknown}
 o - 5 scrolls of fear {unknown}
 t - 4 scrolls of enchant weapon {unknown}
 v - a scroll of fog {unknown}
 A - a scroll of blinking {unknown}
 B - a scroll of noise {unknown}
 J - 2 scrolls of vulnerability {unknown}
Potions
 c - a potion of lignification
 f - 6 potions of curing
 r - 2 potions of brilliance
 s - a potion of cancellation {unknown}
 u - 2 potions of degeneration
Books
 H - a Young Poisoner's Handbook

   Spells                             Type                      Level
   a - Sting                          Conjuration/Poison           1
   b - Poisonous Vapours              Poison/Air                   2
   c - Mephitic Cloud                 Conjuration/Poison/Air       3
   d - Olgreb's Toxic Radiance        Poison                       4
   e - Venom Bolt                     Conjuration/Poison           5
 I - a book of Misfortune

   Spells                             Type                      Level
   a - Confusing Touch                Hexes                        1
   b - Confuse                        Hexes                        3
   c - Gell's Gravitas                Translocation                3
   d - Petrify                        Transmutation/Earth          4
   e - Metabolic Englaciation         Hexes/Ice                    5
   f - Yara's Violent Unravelling     Hexes/Transmutation          5
 L - a book of Clouds

   Spells                             Type                      Level
   a - Poisonous Vapours              Poison/Air                   2
   b - Mephitic Cloud                 Conjuration/Poison/Air       3
   c - Conjure Flame                  Conjuration/Fire             3
   d - Freezing Cloud                 Conjuration/Ice/Air          6
   e - Ring of Flames                 Charms/Fire                  7
Comestibles
 b - 9 bread rations
 k - 6 meat rations
 C - 2 royal jellies
 M - 2 chunks of flesh
 N - a fruit


   Skills:
 - Level 4.0 Fighting
 - Level 2.6 Dodging
 - Level 1.4 Stealth
 + Level 14.8 Unarmed Combat


You had 10 spell levels left.
You didn't know any spells.

Dungeon Overview and Level Annotations

Branches:
Dungeon (9/15)             Temple (1/1) D:6
   Lair: D:8-11         Orc: D:9-12

Altars:
Ashenzari
Cheibriados
Dithmenos
Elyvilon
Fedhas
Gozag
Hepliaklqana
Kikubaaqudgha
Makhleb
Nemelex Xobeh
Okawaru
Qazlal
Ru
Sif Muna
Trog
Uskayaw
Vehumet
Wu Jian
Xom
Yredelemnul
Zin
The Shining One

Annotations:
D:8 exclusions: obsidian statue and orange crystal statue


Innate Abilities, Weirdness & Mutations

You are too large for most types of armour.
You have tough skin. (AC +1)
You are partially covered in rugged brown scales. (AC +1, +3% HP)
Your mind is acute. (Int +2)


Message History

You are too injured to fight recklessly!
You are too injured to fight recklessly!
You are too injured to fight recklessly!
You are too injured to fight recklessly!
You are too injured to fight recklessly!
You hit the two-headed ogre.
The two-headed ogre is heavily wounded.
You pummel the two-headed ogre!! You punch the two-headed ogre.
The two-headed ogre is almost dead.
The two-headed ogre barely misses you.
The two-headed ogre hits you with a giant spiked club!!
* * * LOW HITPOINT WARNING * * *
You hit the two-headed ogre.
The two-headed ogre is almost dead.
You hit the two-headed ogre but do no damage.
The two-headed ogre is almost dead.
The two-headed ogre hits you with a giant spiked club!!
* * * LOW HITPOINT WARNING * * *
The two-headed ogre hits you with a giant spiked club.
You die...

#.# .. .. #.###.###..
#..........
#############..........
...........#...........
.......................
.....................!.
...............@O..H...
............#..ยง.......
.........#.##..........
#........##........#.#
#.....#..###.#........
#....##..<.####...##..
+....#.......#...... .
#.....>...........##
#.....<........ ...


You could see a two-headed ogre and a hippogriff.

Vanquished Creatures
  A two-headed ogre (D:8)
  Pikel (D:4)
  The ghost of dxctxrx the Blocker, a novice GrFi of Hepliaklqana (D:7)
  Joseph (D:7)
  Maurice (D:8)
  Prince Ribbit (D:5)
  A hippogriff (D:8)
  A spriggan (D:7)
  Eustachio (D:6)
  A hungry ghost (D:8)
  A steam dragon (D:7)
  Menkaure (D:7)
  Edmund (D:4)
  Duvessa (D:5)
  An ice beast (D:6)
  3 orc warriors
  A black bear (D:8)
  3 necrophages (D:7)
  2 ogres
  4 centaurs
  4 bullfrogs
  Dowan (D:5)
  8 scorpions
  8 wights
  4 howler monkeys
  An electric eel (D:7)
  5 crimson imps
  2 centaur zombies (D:7)
  7 hounds
  2 jellies
  3 orc wizards
  6 orc priests
  4 iguanas
  Ijyb (D:2)
  7 worker ants
  2 hound skeletons
  A mummy (D:7)
  A worker ant zombie (D:7)
  9 adders
  4 shadow imps
  2 adder skeletons
  3 worms
  5 dart slugs
  8 leopard geckos
  24 orcs
  6 giant cockroaches
  13 goblins
  4 hobgoblins
  7 jackals
  4 quokkas
  2 ball pythons
  11 bats
  4 frilled lizards
  8 kobolds (D:1)
  11 rats
220 creatures vanquished.

Vanquished Creatures (others)
  A centaur skeleton (D:8)
  An adder (D:5)
  A shadow imp (D:8)
  A leopard gecko (D:8)
  3 fungi (D:6)
  3 plants (D:6)
10 creatures vanquished.

Grand Total: 230 creatures vanquished

Notes
Turn   | Place    | Note
-------+----------+-------------------------------------------
     0 | D:1      | Nigilith the Ogre Monk began the quest for the Orb.
     0 | D:1      | Reached XP level 1. HP: 24/24 MP: 1/1
    59 | D:1      | Reached skill level 3 in Unarmed Combat
   157 | D:1      | Reached XP level 2. HP: 25/32 MP: 2/2
   600 | D:1      | Reached XP level 3. HP: 39/39 MP: 3/3
  1027 | D:2      | Noticed Ijyb
  1040 | D:2      | Reached skill level 4 in Unarmed Combat
  1070 | D:2      | Killed Ijyb
  1070 | D:2      | Reached XP level 4. HP: 39/48 MP: 4/4
  1410 | D:2      | Found an ancient bone altar of Kikubaaqudgha.
  1410 | D:2      | Found a sparkling altar of Nemelex Xobeh.
  2021 | D:3      | Reached skill level 5 in Unarmed Combat
  2065 | D:3      | Reached XP level 5. HP: 52/54 MP: 5/5
  2439 | D:3      | You fall through a shaft!
  2951 | D:4      | Noticed an ogre
  2958 | D:4      | Killed an ogre
  2958 | D:4      | Reached skill level 6 in Unarmed Combat
  2958 | D:4      | Reached XP level 6. HP: 62/62 MP: 6/6
  3368 | D:5      | Entered Level 5 of the Dungeon
  3378 | D:5      | Reached skill level 7 in Unarmed Combat
  3378 | D:5      | Reached XP level 7. HP: 63/70 MP: 7/7
  3421 | D:5      | Noticed Edmund
  3441 | D:5      | Noticed Dowan
  3442 | D:5      | Noticed Duvessa
  3552 | D:4      | Killed Edmund
  3681 | D:5      | Noticed Pikel
  3793 | D:3      | Reached skill level 8 in Unarmed Combat
  3838 | D:4      | Killed Pikel
  3838 | D:4      | Reached skill level 9 in Unarmed Combat
  3838 | D:4      | Reached XP level 8. HP: 49/78 MP: 8/8
  4029 | D:5      | Noticed Prince Ribbit
  4048 | D:5      | Gained mutation: You are partially covered in rugged brown scales. (AC +1, +3% HP) [potion of mutation]
  4048 | D:5      | Gained mutation: Your system is resistant to poisons. (rPois) [potion of mutation]
  4048 | D:5      | Lost mutation: Your system is resistant to poisons. (rPois) [potion of mutation]
  4048 | D:5      | Gained mutation: Your mind is acute. (Int +2) [potion of mutation]
  4076 | D:5      | Killed Prince Ribbit
  4648 | D:5      | Killed Duvessa
  4648 | D:5      | Reached skill level 10 in Unarmed Combat
  4661 | D:5      | Killed Dowan
  4895 | D:6      | Noticed Eustachio
  4918 | D:6      | Killed Eustachio
  4918 | D:6      | Reached XP level 9. HP: 65/86 MP: 9/9
  4971 | D:6      | Found a staircase to the Ecumenical Temple.
  4976 | Temple   | Entered the Ecumenical Temple
  5130 | Temple   | Became a worshipper of Qazlal Stormbringer
  5130 | Temple   | Reached * piety under Qazlal
  5130 | Temple   | Reached ** piety under Qazlal
  5229 | D:6      | Reached skill level 11 in Unarmed Combat
  5250 | D:6      | Found a shattered altar of Ashenzari.
  5254 | D:6      | Saw a vision of the Swamp and the Spider Nest.
  5254 | D:6      | Noticed a wolf spider
  5254 | D:6      | Noticed a wolf spider
  5254 | D:6      | Noticed an alligator
  5254 | D:6      | Noticed an alligator
  5254 | D:6      | Noticed an alligator
  5255 | D:6      | Noticed an alligator
  5982 | D:7      | Reached skill level 12 in Unarmed Combat
  6031 | D:7      | Noticed Joseph
  6045 | D:7      | Killed Joseph
  6083 | D:7      | Noticed Menkaure
  6087 | D:7      | Killed Menkaure
  6087 | D:7      | Reached XP level 10. HP: 77/94 MP: 10/10
  6146 | D:7      | Got a fine tin ring
  6288 | D:7      | Identified the ring "Pofoawn" {rF- rN+ MP+9 Stlth+} (You found it on level 7 of the Dungeon)
  6297 | D:7      | Reached skill level 13 in Unarmed Combat
  6538 | D:7      | Noticed dxctxrx's ghost (novice GrFi)
  6559 | D:7      | Killed dxctxrx's ghost
  6682 | D:7      | Reached *** piety under Qazlal
  7682 | D:8      | Noticed an obsidian statue
  7857 | D:8      | Noticed a two-headed ogre
  7867 | D:8      | Killed a two-headed ogre
  7867 | D:8      | Reached skill level 14 in Unarmed Combat
  7909 | D:8      | Noticed Maurice
  7926 | D:8      | Killed Maurice
  8094 | D:8      | Reached XP level 11. HP: 92/101 MP: 11/11
  8365 | D:8      | Noticed an orange crystal statue
  8883 | D:3      | Reached **** piety under Qazlal
  9678 | D:9      | Noticed a two-headed ogre
  9686 | D:9      | HP: 4/101 [two-headed ogre/giant spiked club (23)]
  9686 | D:9      | Slain by a two-headed ogre

Vault maps used:
D:1:      minmay_arrival_hallway
D:2:      kennysheep_the_goblin_king, amethyst_overflow_temple_binary
D:4:      first_bread
D:5:      kennysheep_boxes, uniq_prince_ribbit1, uniq_edmund, uniq_duvessa,
          uniq_pikel
D:6:      old_forge, hangedman_decor_lopped, hex_intersection,
          grunt_ashenzari_visionary, uniq_eustachio
D:7:      serial_undead, serial_undead_f, serial_undead_b, serial_undead_f,
          serial_undead_b, the_bakery, hangedman_decor_peaks_small,
          minmay_crystal_water, uniq_menkaure, uniq_joseph
D:8:      minmay_separated_statues, uniq_maurice
D:9:      erik_orc_1, serial_shops, kennysheep_little_box,
          hangedman_abyss_or_decor_passed, grunt_qazlal_clouds
Temple:   regret_index_temple_chain_breaker

Skill      XL: |  1  2  3  4  5  6  7  8  9 10 |
---------------+-------------------------------+-----
Unarmed Combat | 3 4 5 6 7 9 10 12 14 | 14.8
Fighting       | |  4.0
Dodging        | |  2.6
Stealth        | |  1.4

Action                   |  1- 3 |  4- 6 |  7- 9 | 10-12 || total
-------------------------+-------+-------+-------+-------++-------
Melee: Unarmed           |   138 |   239 |   314 |   317 ||  1008
       Punch             |     3 |     1 |    17 |    22 ||    43
Invok: Upheaval          |       |       |       |     1 ||     1
Evoke: Wand              |       |     3 |       |       ||     3
  Use: Potion            |       |       |    13 |     1 ||    14
 Stab: Sleeping          |     2 |     2 |     1 |       ||     5
  Eat: Chunk             |       |     8 |     9 |    13 ||    30
Armor: Robe              |    45 |    71 |    40 |    43 ||   199
Dodge: Dodged            |    67 |   106 |   123 |    87 ||   383
Block: Other             |       |       |    13 |    31 ||    44
